 Dungeon Crawl Stone Soup version 0.30.1-11-g7821555f0a (webtiles) character file.

Game seed: 13860955353238003903

457925 po7itron the Impregnable (level 23, -3/236 HPs)
             Began as a Minotaur Fighter on Jan 2, 2024.
             Was the Champion of Okawaru.
             Slain by a reaper
             ... wielding a +2 heavy scythe
             ... summoned by a dread lich
              (10 damage)
             ... while paralysed by a dread lich
             ... on level 5 of the Vaults on Jan 4, 2024.
             The game lasted 03:16:40 (41235 turns).

po7itron the Impregnable (Minotaur Fighter)        Turns: 41235, Time: 03:16:40

Health: -3/236     AC: 53    Str: 27    XL:     23   Next: 31%
Magic:  29/29      EV:  2    Int:  5    God:    Okawaru [******]
Gold:   2079       SH:  0    Dex: 22    Spells: 26/30 levels left

rFire   + + +        B - +7 sceptre of Torment {pain, torment}
rCold   + + .        S - +6 tower shield {AC+3}
rNeg    + + +        u - +13 crystal plate armour "Heemig" {Contam rElec rF+ Slay+2}
rPois   +            R - +0 hat "Kalipp" {rN+ Will+ Regen+ Stlth+}
rElec   +            G - scarf of Midsummer {repulsion, rPois Stlth+}
rCorr   .            b - +1 pair of gloves {Dex+3}
SInv    .            X - +1 pair of boots of the Morning {rF+ rN++}
Will    +....        O - amulet of Ephemeral Luck {rC+ Regen+ Int-2 Dex+6}
Stlth   +            N - +5 ring of evasion
HPRegen 2.19/turn    g - ring of protection from cold
MPRegen 0.21/turn

%: repel missiles
@: paralysed, lethally poisoned (-3 -> -4), weak-willed, heroic, marked, flayed,
studying 2 skills
A: horns 2, retaliatory headbutt, talons 1, fire resistance 1, robust 1
}: 2/15 runes: decaying, serpentine
a: Renounce Religion, Heroism, Finesse, Duel


You were on level 5 of the Vaults.
You worshipped Okawaru.
Okawaru was exalted by your worship.
You visited 9 branches of the dungeon, and saw 41 of its levels.
You visited the Abyss 1 time.
You also visited: Wizlab.

You collected 4543 gold pieces.
You spent 2464 gold pieces at shops.

Inventory:

Hand Weapons
 t - the +6 scimitar of Fatigue {holy, Drain Dex+5}
   (You found it on level 3 of the Elven Halls)

   Dex:       It affects your dexterity (+5).
   Drain:     It drains your maximum health when unequipped.
 B - the +7 sceptre of Torment (weapon) {pain, torment}
   (Okawaru gifted it to you on level 1 of the Elven Halls)
 W - the +9 broad axe "Sucamido" {drain, rF+ rC+}
   (You took it off a deep elf demonologist on level 3 of the Elven Halls)

   rF:        It protects you from fire.
   rC:        It protects you from cold.
Armour
 b - a +1 pair of gloves of dexterity (worn)
 j - the +8 chain mail "Dory" {MP+9 Stlth+}
   (You bought it in a shop on level 4 of the Dungeon)

   MP:        It affects your magic capacity (+9).
   Stlth:     It makes you more stealthy.
 k - the scarf of Impatience {+Inv, Str+2}
   (Okawaru gifted it to you on level 1 of the Lair of Beasts)

   Str:       It affects your strength (+2).
 q - a scarf of resistance
 u - the +13 crystal plate armour "Heemig" (worn) {Contam rElec rF+ Slay+2}
   (You found it on level 2 of the Depths)

   Slay:      It affects your accuracy & damage with ranged weapons and melee
   (+2).
   rF:        It protects you from fire.
   rElec:     It insulates you from electricity.
   Contam:    It causes magical contamination when unequipped.
 v - the +1 hat of Insatiable Hunger {rC++ rN+ Dex-2}
   (Okawaru gifted it to you on level 4 of the Snake Pit)

   Dex:       It affects your dexterity (-2).
   rC:        It greatly protects you from cold.
   rN:        It protects you from negative energy.
 G - the scarf of Midsummer (worn) {repulsion, rPois Stlth+}
   (Okawaru gifted it to you on level 2 of the Elven Halls)

   rPois:     It protects you from poison.
   Stlth:     It makes you more stealthy.
 R - the +0 hat "Kalipp" (worn) {rN+ Will+ Regen+ Stlth+}
   (Okawaru gifted it to you on level 10 of the Dungeon)

   rN:        It protects you from negative energy.
   Regen:     It increases your rate of health regeneration.
   Will:      It increases your willpower.
   Stlth:     It makes you more stealthy.
 S - a +6 tower shield of protection (worn)
 X - the +1 pair of boots of the Morning (worn) {rF+ rN++}
   (Okawaru gifted it to you on level 11 of the Dungeon)

   rF:        It protects you from fire.
   rN:        It greatly protects you from negative energy.
Jewellery
 g - a ring of protection from cold (right hand)
 E - a ring of see invisible
 N - a +5 ring of evasion (left hand)
 O - the amulet of Ephemeral Luck (around neck) {rC+ Regen+ Int-2 Dex+6}
   (You bought it in a shop on level 1 of the Elven Halls)

   [amulet of regeneration]

   Int:       It affects your intelligence (-2).
   Dex:       It affects your dexterity (+6).
   rC:        It protects you from cold.
   Regen:     It increases your rate of health regeneration.
 U - a ring of positive energy
 Z - a ring of poison resistance
Wands
 a - a wand of roots (38)
 m - a wand of quicksilver (14)
 z - a wand of polymorph (32)
 K - a wand of digging (13)
 P - a wand of paralysis (44)
 Q - a wand of mindburst (34)
 V - a wand of flame (67)
Scrolls
 c - a scroll of silence
 e - 9 scrolls of poison
 h - 19 scrolls of identify
 i - 3 scrolls of amnesia
 p - 2 scrolls of magic mapping
 w - 13 scrolls of teleportation
 y - a scroll of brand weapon
 A - 13 scrolls of fog
 M - 3 scrolls of fear
 T - 2 scrolls of enchant weapon
 Y - 6 scrolls of blinking
Potions
 d - 3 potions of might
 l - 9 potions of curing
 n - 5 potions of magic
 o - 3 potions of brilliance
 r - 3 potions of berserk rage
 s - 7 potions of haste
 C - 6 potions of invisibility
 D - a potion of resistance
 F - 5 potions of cancellation
 H - 7 potions of flight
 I - 6 potions of ambrosia
 J - 9 potions of heal wounds
Miscellaneous
 x - a phial of floods
 L - a lightning rod (4/4)


   Skills:
 - Level 20.0(25.0) Fighting
 - Level 10.0(15.0) Long Blades
 - Level 11.1(19.7) Axes
 - Level 15.6(22.0) Maces & Flails
 + Level 24.2(27) Armour
 - Level 16.0(21.0) Dodging
 - Level 8.0(13.0) Stealth
 - Level 20.0(25.0) Shields
 - Level 6.0(11.0) Unarmed Combat
 - Level 4.0 Spellcasting
 - Level 10.0 Translocations
 - Level 10.0 Invocations
 - Level 10.0 Evocations


You had 26 spell levels left.
You knew the following spells:

 Your Spells              Type           Power      Damage    Failure   Level
a - Blink                 Tloc           22%        N/A       6%          2
b - Lesser Beckoning      Tloc           22%        N/A       6%          2

Your spell library contained the following spells:

 Spells                   Type           Power      Damage    Failure   Level
 Passage of Golubria      Tloc           11%        N/A       38%         4
 Momentum Strike          Conj/Tloc      12%        3d8       43%         2
 Portal Projectile        Hex/Tloc       12%        N/A       67%         3
 Vhi's Electric Charge    Tloc/Air       12%        N/A       67%         3
 Volatile Blastmotes      Fire/Tloc      12%        2d11      67%         3
 Kiss of Death            Conj/Necr      4%         2d5       94%         1
 Magic Dart               Conj           4%         1d3       94%         1
 Shock                    Conj/Air       4%         1d3       94%         1
 Slow                     Hex            4%         N/A       94%         1
 Sting                    Tmut/Pois      4%         1d3       94%         1
 Iskenderun's Mystic Bla  Conj/Tloc      6%         2d4       97%         4
 Cigotuvi's Dreadful Rot  Necr/Pois/Air  2%         N/A       98%         2
 Ensorcelled Hibernation  Hex/Ice        2%         N/A       98%         2
 Poisonous Vapours        Pois/Air       2%         N/A       98%         2
 Scorch                   Fire           2%         2d5       98%         2
 Searing Ray              Conj           2%         2d4       98%         2
 Static Discharge         Conj/Air       2%         2-3/arc   98%         2
 Sublimation of Blood     Necr           1%         N/A       98%         2
 Wereblood                Tmut           1%         N/A       98%         2
 Confusing Touch          Hex            1%         N/A       100%        3
 Dazzling Flash           Conj/Hex       2%         N/A       100%        3
 Ignite Poison            Fire/Tmut/Pois 1%         N/A       100%        3
 Mephitic Cloud           Conj/Pois/Air  1%         N/A       100%        3
 Ozocubu's Armour         Ice            1%         N/A       100%        3
 Spider Form              Tmut/Pois      1%         N/A       100%        3
 Swiftness                Air            1%         N/A       100%        3
 Vampiric Draining        Necr           1%         2d6       100%        3
 Airstrike                Air            0%         2d(1-17)  100%        4
 Anguish                  Hex/Necr       0%         N/A       100%        4
 Dispel Undead            Necr           1%         3d6       100%        4
 Flame Wave               Conj/Fire      1%         2d4       100%        4
 Fulminant Prism          Conj/Hex       0%         3d5       100%        4
 Leda's Liquefaction      Hex/Erth       0%         N/A       100%        4
 Petrify                  Tmut/Erth      1%         N/A       100%        4
 Agony                    Necr           1%         N/A       100%        5
 Alistair's Intoxication  Tmut/Pois      0%         N/A       100%        5
 Arcjolt                  Conj/Air       0%         1d10      100%        5
 Blade Hands              Tmut           0%         N/A       100%        5
 Borgnjor's Vile Clutch   Necr/Erth      0%         N/A       100%        5
 Freezing Cloud           Conj/Ice/Air   0%         6-21      100%        5
 Irradiate                Conj/Tmut      0%         3d11      100%        5
 Lee's Rapid Deconstruct  Erth           0%         3d4*      100%        5
 Metabolic Englaciation   Hex/Ice        0%         N/A       100%        5
 Silence                  Hex/Air        0%         N/A       100%        5
 Yara's Violent Unravell  Hex/Tmut       0%         3d3       100%        5
 Conjure Ball Lightning   Conj/Air       0%         3x3d6     100%        6
 Iron Shot                Conj/Erth      0%         9d1       100%        6
 Plasma Beam              Fire/Air       0%         2x1d11    100%        6
 Statue Form              Tmut/Erth      0%         N/A       100%        6
 Dragon Form              Tmut           0%         N/A       100%        7
 Enfeeble                 Hex            0%         N/A       100%        7
 Borgnjor's Revivificati  Necr           0%         N/A       100%        8
 Discord                  Hex            0%         N/A       100%        8
 Disjunction              Tloc           5%         N/A       100%        8
 Maxwell's Capacitive Co  Air            0%         ∞         100%        8
 Necromutation            Tmut/Necr      0%         N/A       100%        8
 Death's Door             Necr           0%         N/A       100%        9
 Polar Vortex             Ice            0%         N/A       100%        9
 Shatter                  Erth           0%         3d5*      100%        9
 Animate Armour           Summ/Erth      Unusable   N/A       N/A         4
 Animate Dead             Necr           Unusable   N/A       N/A         4
 Summon Lightning Spire   Summ/Air       Unusable   N/A       N/A         4
 Summon Forest            Summ/Tloc      Unusable   N/A       N/A         5
 Summon Mana Viper        Hex/Summ       Unusable   N/A       N/A         5
 Death Channel            Necr           Unusable   N/A       N/A         6
 Simulacrum               Ice/Necr       Unusable   N/A       N/A         6
 Summon Hydra             Summ           Unusable   N/A       N/A         7
 Infestation              Necr           Unusable   N/A       N/A         8

Dungeon Overview and Level Annotations

Branches:
Dungeon (15/15)            Temple (1/1) D:4            Lair (3/5) D:11
  Swamp (4/4) Lair:3        Snake (4/4) Lair:3          Orc (2/2) D:9
    Elf (3/3) Orc:2        Vaults (5/5) D:14          Crypt (0/3) Vaults:3
 Depths (4/4) D:15         WizLab (visited)
    Zot: Depths:4

Altars:
Ashenzari
Cheibriados
Dithmenos
Elyvilon
Fedhas
Gozag
Hepliaklqana
Kikubaaqudgha
Makhleb
Nemelex Xobeh
Okawaru
Qazlal
Ru
Sif Muna
Trog
Uskayaw
Vehumet
Wu Jian
Xom
Yredelemnul
Zin
The Shining One

Shops:
D:4 [   D:13 ?   Orc:2 [((*   Elf:1 :=:   Snake:3 ?[   Vaults:1 *   Vaults:4 ([
Depths:1 [=*?   Depths:2 !

Portals:
Hell: Depths:1 Depths:2 Depths:3 Depths:4
Abyss: Depths:3 Depths:4
Pandemonium: Depths:2 Depths:3 Depths:4
Ziggurat: Depths:4


Innate Abilities, Weirdness & Mutations

You have a pair of horns on your head.
You reflexively headbutt those who attack you in melee.
You have sharp toenails.
Your flesh is heat resistant. (rF+)
You are robust. (+10% HP)


Message History

The blizzard demon hits you but does no damage. x2
The reaper hits you with a +2 heavy scythe!
* * * LOW HITPOINT WARNING * * *
You feel sick.
Something touches you but does no damage.
The balrug hits you with a +2 demon whip of venom.
* * * LOW HITPOINT WARNING * * *
You are engulfed in flames.
You resist.
* * * LOW HITPOINT WARNING * * *
A stone giant comes into view.
The flayed ghost cries, "Feel what I felt!"
Terrible wounds spread across more of your body!
* * * LOW HITPOINT WARNING * * *
The blizzard demon hits you but does no damage. x2
Something touches you but does no damage.
The steelbarb worm hits you but does no damage.
The balrug gestures at you. The bolt of fire hits you! You resist.
* * * LOW HITPOINT WARNING * * *
The bolt of fire hits the steelbarb worm!
The steelbarb worm resists.
You feel sick.
The steelbarb worm changes into a cyclops!
Something touches you but does no damage.
The reaper hits you but does no damage.
The flayed ghost hits you but does no damage.
The blizzard demon hits you but does no damage. x2
The balrug hits you with a +2 demon whip of venom!
* * * LOW HITPOINT WARNING * * *
You are engulfed in flames.
You resist.
* * * LOW HITPOINT WARNING * * *
You feel sick.
Something touches you but does no damage.
The flayed ghost hits you.
* * * LOW HITPOINT WARNING * * *
The balrug completely misses you.
The blizzard demon hits you but does no damage. x2
Something touches you but does no damage.
The reaper hits you with a +2 heavy scythe!
You die...

#).#..)## #...#..)##
#....#.([## #....#.C...#)).##
#....#.D....#...#
#..#....#.....†.#...#
#..#....#..c.)...#...#
#..#)...#.CW2)....#...#
####..#....#..@.......#...#
......#....#..22.......#...#
.......................#....
######........################
.......))<<.......
.......)<).<.......
.......))<<.........
..........).........
######........######


You could see a shadow dragon, a stone giant, a yaktaur captain, a reaper
(summoned), a balrug (summoned), a blizzard demon (summoned), a flayed ghost and
a cyclops shaped shifter.

Vanquished Creatures
  A dread lich (Arena)
  An ancient lich (Depths:2)
  Mennas (Vaults:2)
  Sojobo (Vaults:2)
  Bai Suzhen (Vaults:2)
  Saint Roka (Vaults:2)
  Margery (Vaults:3)
  Vashnia (Snake:4)
  2 golden dragons (Vaults:5)
  The ghost of ciphuk the Wrestler, an adept TrMo of Ru (Vaults:1)
  3 tentacled monstrosities
  A walking crystal tome (Depths:3)
  A lich (Depths:2)
  2 deep elf blademasters (Elf:3)
  A titan (Depths:3)
  A quicksilver dragon (Vaults:5)
  2 deep elf master archers (Elf:3)
  4 tentacled starspawn (Abyss:3)
  4 sphinxes
  Agnes (Snake:4)
  A thorn hunter (Swamp:4)
  9 tengu reavers
  2 storm dragons (Vaults:5)
  2 shadow dragons
  Kirke (D:15)
  11 nagarajas (Snake:4)
  Roxanne (Snake:1)
  3 fire giants
  3 fenstrider witches
  An iron dragon (Vaults:5)
  Donald (Vaults:4)
  The ghost of Anaz the Fencer, a journeyman DgAE (Snake:3)
  7 frost giants
  11 vault wardens
  Louise (Arena)
  Aizul (Snake:1)
  9 deep elf sorcerers
  5 spriggan defenders
  2 orc warlords
  23 ironbound preservers
  A war gargoyle (Vaults:3)
  2 deep elf elementalists (Elf:3)
  8 ironbound thunderhulks
  3 vampire knights
  16 stone giants
  12 very ugly things
  5 deep elf demonologists
  Azrael (Elf:2)
  2 eleionomae
  12 deep elf annihilators
  11 spark wasps
  4 bunyips
  13 dire elephants
  A green death (Depths:3)
  The ghost of Ikiet the Fighter, a journeyman GrMo of Hepliaklqana (D:15)
  7 fire dragons
  3 deep elf death magi (Elf:3)
  A blizzard demon (Depths:2)
  13 ettins
  3 jiangshi (Depths:2)
  9 yaktaur captains
  The ghost of coldbreeze the Pandemonic, a journeyman OpGl of Makhleb (Lair:2)
  An entropy weaver (Vaults:4)
  6 deep elf high priests
  3 rakshasas
  8 great orbs of eyes
  A shambling mangrove (Swamp:4)
  18 hydras
  5 ice dragons
  An ice dragon (shapeshifter) (Depths:2)
  3 salamander tyrants (Snake:4)
  32 vault guards
  The ghost of tykejmi the Destroyer, a journeyman DgCj (D:11)
  2 peacekeepers
  9 boulder beetles
  A death knight (D:13)
  10 centaur warriors
  6 spriggan air magi
  8 anacondas
  An anaconda (shapeshifter) (Vaults:5)
  16 two-headed ogres
  7 ironbound frosthearts
  11 tengu warriors
  3 ogre magi (D:15)
  5 alligators
  14 naga warriors
  A hell hog (Abyss:3)
  4 orc high priests
  4 vampire magi
  2 deep troll shamans (Depths:3)
  31 dancing weapons
  13 deep troll earth magi
  7 shock serpents
  18 naga sharpshooters
  4 spriggan berserkers
  14 deep elf knights
  11 hell knights
  A soul eater (Depths:3)
  2 wretched stars (Abyss:3)
  A sun demon (Abyss:3)
  3 salamander mystics
  A spatial maelstrom (Abyss:3)
  A skeletal warrior (D:12)
  8 iron trolls
  4 goliath frogs
  4 glowing orange brains
  A golden dragon zombie (Depths:2)
  A quicksilver dragon simulacrum (Depths:2)
  A flayed ghost (Depths:4)
  A sea snake (Snake:3)
  9 naga ritualists
  2 spriggan druids (Swamp:3)
  64 deep trolls
  7 phantasmal warriors
  13 harpies
  9 swamp dragons
  7 deep elf archers
  7 wizards
  8 bog bodies (Swamp:4)
  13 ironbound convokers
  4 orc knights
  3 lindwurms
  20 deep elf zephyrmancers
  7 necromancers
  20 deep elf pyromancers
  3 orc sorcerers
  15 mana vipers
  A wolf spider zombie (D:15)
  7 manticores
  25 salamanders
  6 will-o-the-wisps
  A tengu skeleton (Depths:2)
  7 cyclopes
  36 ugly things
  2 moths of wrath
  A centaur zombie (D:15)
  31 black mambas
  A fire giant skeleton (Depths:2)
  12 guardian serpents
  18 naga magi
  A cane toad (shapeshifter) (D:13)
  A rust devil (Depths:3)
  An eye of devastation (shapeshifter) (Abyss:3)
  17 vault sentinels
  A centaur skeleton (D:15)
  4 gargoyles
  2 smoke demons (Depths:3)
  5 cane toads (Lair:2)
  2 efreet
  An orange demon (Depths:2)
  2 rime drakes (Lair:2)
  11 yaktaurs
  7 komodo dragons
  4 kobold demonologists
  6 unseen horrors
  2 freezing wraiths
  9 tengu conjurers
  2 red devils (Depths:2)
  2 ancient zymes (Abyss:3)
  2 queen bees
  A meliai (Lair:2)
  15 hornets
  2 polar bears
  Prince Ribbit (D:7)
  A hellwing (Depths:3)
  7 tyrant leeches
  Grinder (D:3)
  A snapping turtle (shapeshifter) (Depths:4)
  5 trolls
  A dream sheep (shapeshifter) (Vaults:1)
  A large abomination (Abyss:3)
  2 raiju (Abyss:3)
  18 slime creatures
  A jumping spider (Vaults:4)
  A spriggan skeleton (Depths:2)
  2 shadows (D:12)
  4 water elementals
  15 spriggans
  A centaur simulacrum (D:15)
  2 air elementals (Elf:2)
  A ynoxinul (Depths:2)
  3 wyverns
  A vampire (D:9)
  2 wraiths
  Eustachio (D:4)
  A hog (D:15)
  A steam dragon (D:5)
  34 yaks
  2 humans (D:15)
  7 fire elementals
  2 chaos spawn
  8 vampire mosquitoes
  4 basilisks
  Edmund (D:5)
  An acid dragon (D:10)
  An iron golem (WizLab)
  A spatial vortex (Abyss:3)
  44 nagas
  19 swamp worms
  5 wargs
  10 water moccasins
  11 two-headed ogre zombies (Orc:1)
  Duvessa (D:7)
  3 sky beasts
  2 hell hounds (Elf:2)
  6 swamp drakes (Swamp:4)
  29 orc warriors
  A human skeleton (Depths:2)
  A naga skeleton (Abyss:3)
  3 small abominations (WizLab)
  An ice beast (D:4)
  3 black bears
  15 ogres
  9 wolves
  3 boggarts (D:15)
  15 centaurs
  3 phantoms
  A bullfrog (shapeshifter) (Vaults:5)
  4 earth elementals
  2 kobold brigands
  10 bullfrogs
  2 scorpions
  14 wights
  Dowan (D:7)
  47 killer bees
  10 electric eels
  4 lava snakes (Lair:3)
  4 howler monkeys
  3 hounds (D:11)
  19 orc priests
  A sleepcap (D:5)
  18 orc wizards
  Natasha (twice) (D:4)
  4 iguanas
  Ijyb (D:5)
  Robin (D:3)
  4 adders
  2 ufetubi
  3 worms
  3 dart slugs
  66 orcs
  6 bats
  4 endoplasms
  3 giant cockroaches
  11 goblins
  9 hobgoblins
  4 quokkas
  7 ball pythons
  3 frilled lizards
  16 kobolds
  4 rats
1636 creatures vanquished.

Vanquished Creatures (others)
  A deep elf knight (Orc:2)
  A spriggan druid (Swamp:4)
  A wizard (Vaults:1)
  A deep elf pyromancer (Elf:1)
  A tengu conjurer (Depths:2)
  2 bloated husks
  A water elemental (Elf:1)
  A neqoxec (Depths:3)
  A swamp drake (Swamp:4)
  52 foxfires
  11 starspawn tentacles (Abyss:3)
73 creatures vanquished.

Grand Total: 1709 creatures vanquished

Notes
Turn   | Place    | Note
-------+----------+-------------------------------------------
     0 | D:1      | po7itron the Minotaur Fighter began the quest for the Orb.
     0 | D:1      | Reached XP level 1. HP: 19/19 MP: 0/0
   103 | D:1      | Found a faded altar of an unknown god.
   257 | D:1      | Reached XP level 2. HP: 27/27 MP: 1/1
   895 | D:2      | Reached skill level 4 in Armour
   962 | D:2      | Reached XP level 3. HP: 33/33 MP: 2/2
   969 | D:2      | Reached XP level 4. HP: 11/41 MP: 3/3
  1987 | D:3      | Identified the +8 mace of Righteous Anger {speed, Str+3}
  2161 | D:3      | Noticed Robin
  2173 | D:3      | Killed Robin
  2174 | D:3      | Reached XP level 5. HP: 31/47 MP: 4/4
  2294 | D:3      | Noticed Grinder
  2302 | D:3      | Paralysed by Grinder for 2 turns
  2307 | D:3      | Killed Grinder
  2308 | D:3      | Reached skill level 5 in Fighting
  2308 | D:3      | Reached skill level 5 in Armour
  2308 | D:3      | Reached skill level 5 in Shields
  2308 | D:3      | Reached XP level 6. HP: 24/56 MP: 5/5
  2828 | D:4      | Found a staircase to the Ecumenical Temple.
  2874 | D:4      | Noticed Natasha
  2881 | D:4      | Killed Natasha
  2931 | Temple   | Entered the Ecumenical Temple
  3061 | Temple   | Became a worshipper of Warmaster Okawaru
  3100 | D:4      | Noticed an ice beast
  3105 | D:4      | Killed an ice beast
  3106 | D:4      | Reached skill level 1 in Maces & Flails
  3255 | D:4      | Found Quacwots's Armour Emporium.
  3333 | D:4      | Noticed Eustachio
  3338 | D:4      | Reached XP level 7. HP: 57/62 MP: 6/6
  3343 | D:4      | Killed Eustachio
  3343 | D:4      | Reached * piety under Okawaru
  3448 | D:4      | Reached skill level 6 in Armour
  3496 | D:4      | Noticed Natasha
  3502 | D:4      | Killed Natasha
  3615 | D:5      | Entered Level 5 of the Dungeon
  3631 | D:5      | Found a basalt altar of Yredelemnul.
  3835 | D:5      | Reached XP level 8. HP: 71/71 MP: 7/7
  3873 | D:5      | Noticed Ijyb
  3881 | D:5      | Killed Ijyb
  3881 | D:5      | Reached ** piety under Okawaru
  3956 | D:5      | Reached skill level 5 in Maces & Flails
  4078 | D:5      | Noticed Edmund
  4087 | D:5      | Killed Edmund
  4144 | D:5      | Reached skill level 7 in Armour
  4669 | D:6      | Reached *** piety under Okawaru
  4719 | D:6      | Found a burning altar of Makhleb.
  4725 | D:6      | Reached XP level 9. HP: 80/80 MP: 8/8
  4730 | D:6      | Found an ancient bone altar of Kikubaaqudgha.
  4761 | D:6      | Found a radiant altar of Vehumet.
  4839 | D:6      | Found a blossoming altar of Fedhas.
  5051 | D:7      | Noticed Prince Ribbit
  5065 | D:7      | Killed Prince Ribbit
  5160 | D:7      | Noticed Duvessa
  5175 | D:7      | Killed Duvessa
  5188 | D:7      | Noticed Dowan
  5193 | D:7      | Killed Dowan
  5710 | D:7      | Noticed a gargoyle
  5713 | D:7      | Found a faded altar of an unknown god.
  5725 | D:7      | Killed a gargoyle
  5725 | D:7      | Reached **** piety under Okawaru
  5726 | D:7      | Reached skill level 10 in Maces & Flails
  5726 | D:7      | Reached skill level 8 in Armour
  5726 | D:7      | Found a hazy altar of Hepliaklqana.
  5862 | D:8      | Found a stormy altar of Qazlal.
  5866 | D:8      | Noticed a two-headed ogre
  5875 | D:8      | Killed a two-headed ogre
  5876 | D:8      | Reached XP level 10. HP: 67/88 MP: 9/9
  6014 | D:8      | Found a broken altar of Ashenzari.
  6572 | D:8      | Reached ***** piety under Okawaru
  6790 | D:9      | Noticed a cyclops
  6796 | D:9      | Killed a cyclops
  7429 | D:9      | Found a staircase to the Orcish Mines.
  7490 | D:10     | Entered Level 10 of the Dungeon
  7502 | D:10     | Identified the +0 hat "Kalipp" {rN+ Will+ Regen+ Stlth+}
                  | (Okawaru gifted it to you on level 10 of the Dungeon)
  7502 | D:10     | Received a gift from Okawaru
  7569 | D:10     | Reached XP level 11. HP: 68/97 MP: 10/10
  7724 | D:10     | Reached skill level 5 in Dodging
  7733 | D:10     | Reached skill level 10 in Fighting
  7977 | D:10     | Noticed a two-headed ogre
  7985 | D:10     | Killed a two-headed ogre
  8176 | D:11     | Noticed a boulder beetle
  8218 | D:11     | Killed a boulder beetle
  8237 | D:11     | Found a runed translucent door.
  8237 | D:11     | Noticed tykejmi's ghost (journeyman DgCj)
  8237 | D:11     | Noticed a boulder beetle
  8394 | D:11     | Found a staircase to the Lair.
  8520 | D:11     | Identified the +1 pair of boots of the Morning {rF+ rN++}
                  | (Okawaru gifted it to you on level 11 of the Dungeon)
  8520 | D:11     | Received a gift from Okawaru
  8791 | D:11     | Noticed a brown ugly thing
  8800 | D:11     | Killed a brown ugly thing
  8812 | D:11     | Noticed a boulder beetle
  8828 | D:11     | Killed a boulder beetle
  9037 | D:11     | Killed tykejmi's ghost
  9051 | D:11     | Killed a boulder beetle
  9052 | D:11     | Reached XP level 12. HP: 101/113 MP: 9/11
  9281 | D:12     | Noticed a centaur warrior
  9296 | D:12     | Killed a centaur warrior
  9322 | D:12     | Reached skill level 10 in Dodging
  9367 | D:12     | Reached skill level 5 in Axes
  9438 | D:12     | Noticed a two-headed ogre
  9438 | D:12     | Noticed a centaur warrior
  9449 | D:12     | Killed a two-headed ogre
  9452 | D:12     | Killed a centaur warrior
 10145 | D:12     | Noticed a boulder beetle
 10170 | D:12     | Killed a boulder beetle
 10171 | D:12     | Reached skill level 10 in Axes
 10451 | Lair:1   | Entered Level 1 of the Lair of Beasts
 10537 | Lair:1   | Reached ****** piety under Okawaru
 10590 | Lair:1   | Identified the scarf of Impatience {+Inv, Str+2} (Okawaru
                  | gifted it to you on level 1 of the Lair of Beasts)
 10590 | Lair:1   | Received a gift from Okawaru
 10711 | Lair:1   | Reached XP level 13. HP: 117/124 MP: 12/12
 10716 | Lair:1   | Reached skill level 1 in Evocations
 11100 | Lair:2   | Found a transporter.
 11104 | Lair:2   | Found a transporter.
 11381 | Lair:2   | Reached skill level 5 in Evocations
 11581 | Lair:2   | Noticed coldbreeze's ghost (journeyman OpGl)
 12269 | Lair:2   | Killed coldbreeze's ghost
 12287 | Lair:2   | Gained mutation: You are occasionally teleported next to
                  | monsters. [potion of mutation]
 12521 | D:12     | Lost mutation: You are occasionally teleported next to
                  | monsters. [potion of mutation]
 12521 | D:12     | Gained mutation: You have sharp toenails. [potion of
                  | mutation]
 12521 | D:12     | Gained mutation: You are robust. (+10% HP) [potion of
                  | mutation]
 12521 | D:12     | Gained mutation: Your flesh is heat resistant. (rF+)
                  | [potion of mutation]
 12665 | Lair:3   | Identified the +5 dire flail of Demand {venom, rF++ Int-4}
 12925 | Lair:3   | Found a snail-covered altar of Cheibriados.
 13081 | Lair:3   | Found a staircase to the Swamp.
 13082 | Lair:3   | Found a gate leading to a gauntlet.
 13346 | Lair:3   | Reached skill level 15 in Fighting
 13386 | Lair:3   | Found a staircase to the Snake Pit.
 13782 | D:4      | Bought the +8 chain mail "Dory" {MP+9 Stlth+} for 805 gold
                  | pieces
 14180 | Orc:1    | Entered Level 1 of the Orcish Mines
 14555 | Orc:2    | Entered Level 2 of the Orcish Mines
 14555 | Orc:2    | Found a staircase to the Elven Halls.
 14622 | Orc:2    | Received a gift from Okawaru
 14860 | Orc:2    | Found Tecweron's Antique Weapon Emporium.
 14926 | Orc:2    | Found Ugovy's Assorted Antiques.
 15351 | Orc:2    | Noticed an orc warlord
 15368 | Orc:2    | Killed an orc warlord
 15375 | Orc:2    | Found Uxkyesir's Antique Weapon Shoppe.
 15377 | Orc:2    | Found Cegaguij's Antique Armour Emporium.
 15389 | Orc:2    | Bought a runed buckler for 225 gold pieces
 15437 | Elf:1    | Entered Level 1 of the Elven Halls
 15478 | Elf:1    | Reached XP level 14. HP: 131/149 MP: 13/13
 15543 | Elf:1    | Reached skill level 9 in Armour
 15723 | Elf:1    | Noticed an Ice Fiend
 15883 | Orc:2    | Reached skill level 1 in Invocations
 16555 | Elf:1    | Found Xeps's Book Emporium.
 16555 | Elf:1    | Found Ubranus's Jewellery Shop.
 16557 | Elf:1    | Found Midwois's Book Emporium.
 16795 | Elf:1    | Received a gift from Okawaru
 16795 | Elf:1    | Found the +7 sceptre of Torment {pain, torment}
 16971 | Elf:1    | Identified the +4 ring mail "Lets" {rPois Str-2 Dex+4}
 17071 | Elf:1    | Noticed a deep elf sorcerer
 17083 | Elf:1    | Killed a deep elf sorcerer
 17133 | Elf:1    | Reached skill level 5 in Invocations
 17680 | Elf:2    | Identified the +0 chain mail of Fufru {Harm rPois Dex-2}
                  | (Okawaru gifted it to you on level 2 of the Elven Halls)
 17680 | Elf:2    | Received a gift from Okawaru
 17899 | Elf:2    | Found a runed translucent gate.
 17900 | Elf:2    | Found a runed translucent gate.
 17900 | Elf:2    | Found a runed translucent gate.
 17934 | Elf:2    | Reached XP level 15. HP: 158/158 MP: 20/20
 18004 | Elf:2    | Paralysed by an air elemental for 1 turns
 18565 | Elf:2    | Noticed Azrael
 18581 | Elf:2    | Killed Azrael
 18621 | Elf:2    | Reached skill level 10 in Armour
 18647 | Elf:2    | Identified the scarf of Midsummer {repulsion, rPois Stlth+}
                  | (Okawaru gifted it to you on level 2 of the Elven Halls)
 18647 | Elf:2    | Received a gift from Okawaru
 18648 | Elf:2    | Reached skill level 10 in Shields
 18953 | Elf:3    | Entered Level 3 of the Elven Halls
 19168 | Snake:1  | Entered Level 1 of the Snake Pit
 19386 | Snake:1  | Noticed Aizul
 19396 | Snake:1  | Killed Aizul
 19604 | Snake:1  | Identified the +2 leather armour of Grottiness {rC- rN+
                  | Slay+3}
 19675 | Snake:1  | Noticed Roxanne
 19714 | Snake:1  | Killed Roxanne
 19794 | Snake:1  | Received a gift from Okawaru
 19874 | Snake:2  | Reached XP level 16. HP: 74/169 MP: 22/22
 20022 | Snake:2  | Reached skill level 11 in Armour
 20073 | Snake:2  | Identified the +5 dagger of Expedience {venom, rElec}
 20349 | Snake:2  | Received a gift from Okawaru
 20873 | Arena    | Entered the Arena
 20907 | Snake:3  | Found an iron altar of Okawaru.
 21118 | Snake:3  | Reached skill level 10 in Invocations
 21146 | Snake:3  | Found a transporter.
 21148 | Snake:3  | Noticed Anaz's ghost (journeyman DgAE)
 21161 | Snake:3  | Found a transporter.
 21317 | Snake:3  | Identified the +6 plate armour of Okawaru's Hope {rC+}
                  | (Okawaru gifted it to you on level 3 of the Snake Pit)
 21317 | Snake:3  | Received a gift from Okawaru
 21590 | Elf:1    | Bought the amulet of Ephemeral Luck {rC+ Regen+ Int-2
                  | Dex+6} for 838 gold pieces
 21800 | Swamp:1  | Entered Level 1 of the Swamp
 21886 | Snake:3  | Found Ceacurat's Magic Scroll Shoppe.
 21924 | Snake:3  | Found Qeashr Buhas's Antique Armour Boutique.
 22016 | Snake:3  | Identified the staff of fire "Qopeqib" {rF+ Will+}
 22210 | Snake:4  | Entered Level 4 of the Snake Pit
 22210 | Snake:4  | Noticed Agnes
 22288 | Snake:3  | Reached skill level 12 in Armour
 22288 | Snake:3  | Reached skill level 10 in Evocations
 22305 | Snake:3  | Killed Anaz's ghost
 22364 | Snake:3  | Identified the +1 helmet "Kyneosud" {rPois rF+}
 22595 | Snake:4  | Noticed Louise
 22608 | Abyss:3  | Noticed a tentacled starspawn
 22608 | Abyss:3  | Noticed a tentacled starspawn
 22608 | Abyss:3  | Noticed a tentacled starspawn
 22608 | Abyss:3  | Noticed a tentacled starspawn
 22608 | Abyss:3  | Found a corrupted altar of Lugonu.
 22608 | Abyss:3  | Found a transporter.
 22608 | Abyss:3  | Cast into level 3 of the Abyss (Louise)
 22614 | Abyss:3  | Found a transporter.
 22666 | Abyss:3  | Killed a tentacled starspawn
 22667 | Abyss:3  | Killed a tentacled starspawn
 22684 | Abyss:3  | Killed a tentacled starspawn
 22687 | Abyss:3  | Found a corrupted altar of Lugonu.
 22705 | Abyss:3  | Killed a tentacled starspawn
 22752 | Abyss:3  | Found a corrupted altar of Lugonu.
 22762 | Abyss:3  | Identified the amulet "Vymiyz" {rC+ Regen+}
 22764 | Abyss:3  | Identified the +0 robe of Marbles {rC+ rCorr Int+2}
 22817 | Snake:4  | Escaped the Abyss
 22818 | Arena    | Entered the Arena
 22824 | Arena    | Killed Louise
 23089 | Snake:4  | Reached XP level 17. HP: 175/185 MP: 23/23
 23109 | Snake:4  | Noticed Vashnia
 23195 | Snake:4  | Killed Vashnia
 23668 | Snake:4  | Identified the +1 hat of Insatiable Hunger {rC++ rN+ Dex-2}
                  | (Okawaru gifted it to you on level 4 of the Snake Pit)
 23668 | Snake:4  | Received a gift from Okawaru
 23746 | Snake:4  | Reached skill level 13 in Armour
 23806 | Snake:4  | Got a serpentine rune of Zot
 24080 | Snake:4  | Killed Agnes
 24081 | Snake:4  | Reached skill level 1 in Stealth
 24680 | Swamp:1  | You fall into a shaft and drop 1 floor!
 25755 | D:13     | Found Asusmy's Magic Scroll Emporium.
 26357 | D:14     | Reached XP level 18. HP: 178/195 MP: 24/24
 26378 | D:14     | Found a gate to the Vaults.
 26412 | D:14     | Identified the +6 ring mail of the Distant Future {rElec
                  | Dex+4} (Okawaru gifted it to you on level 14 of the
                  | Dungeon)
 26412 | D:14     | Received a gift from Okawaru
 26431 | D:14     | Reached skill level 14 in Armour
 26770 | D:14     | Reached skill level 5 in Stealth
 27296 | D:15     | Entered Level 15 of the Dungeon
 27422 | D:15     | Noticed Ikiet's ghost (journeyman GrMo)
 27466 | D:15     | Noticed Kirke
 27481 | D:15     | Killed Kirke
 27494 | D:15     | Found a transporter.
 27500 | D:15     | Found a transporter.
 27504 | D:15     | Found a bloodstained altar of Trog.
 27899 | D:15     | Found a staircase to the Depths.
 28120 | D:15     | Killed Ikiet's ghost
 28649 | Swamp:2  | Reached skill level 1 in Unarmed Combat
 29103 | Swamp:3  | Reached skill level 1 in Translocations
 29445 | Swamp:4  | Entered Level 4 of the Swamp
 29476 | Swamp:4  | Reached skill level 1 in Spellcasting
 29554 | Swamp:4  | Reached skill level 15 in Armour
 29569 | Swamp:4  | Identified the +1 robe "Gecahigi" {MP+9 Int+2 Dex+3}
                  | (Okawaru gifted it to you on level 4 of the Swamp)
 29569 | Swamp:4  | Received a gift from Okawaru
 29573 | Swamp:4  | Reached skill level 15 in Shields
 29630 | Swamp:4  | Reached XP level 19. HP: 200/203 MP: 25/25
 29667 | Swamp:4  | Got a decaying rune of Zot
 29848 | Swamp:4  | Got the Volume of the Kindled Dead
 30654 | Elf:3    | Reached skill level 5 in Unarmed Combat
 31063 | Elf:3    | Reached skill level 15 in Dodging
 31179 | Elf:3    | Identified the +2 battleaxe "Jomur" {heavy, rC+ Dex+3}
 31344 | Elf:3    | Identified the +9 broad axe "Sucamido" {drain, rF+ rC+}
 31485 | Elf:3    | Identified the +2 battleaxe of Freehold {freeze, rCorr
                  | Dex+2}
 31487 | Elf:3    | Got Qule's Parchment of the Iron Welkin
 31495 | Elf:3    | Got Lumpiemn's Atlas of Hazy Graupel
 31502 | Elf:3    | Got the Quarto of the Polar Snake
 31511 | Elf:3    | Identified the staff of death "Dionokk" {rN+ Int+2}
 31517 | Elf:3    | Identified the staff of earth "Tiriej" {*Corrode Int+3
                  | Dex+4}
 31522 | Elf:3    | Identified the +6 scimitar of Fatigue {holy, Drain Dex+5}
 31528 | Elf:3    | Identified the staff of conjuration "Coacanoi" {Int-3
                  | Dex+5}
 31541 | Elf:3    | Identified the staff of cold "Zaudiupe" {Drain rElec rC+
                  | Int+9 Dex-5}
 32040 | Depths:1 | Entered Level 1 of the Depths
 32065 | Depths:1 | Received a gift from Okawaru
 32156 | Depths:1 | Reached skill level 16 in Armour
 32161 | Depths:1 | Learned a level 2 spell: Blink
 32164 | Depths:1 | Learned a level 2 spell: Lesser Beckoning
 32373 | Depths:1 | Found Racie's Magic Scroll Shoppe.
 32376 | Depths:1 | Found Guyto's General Store.
 32376 | Depths:1 | Found Lyra's Jewellery Emporium.
 32379 | Depths:1 | Found Gaudwiunum's Armour Emporium.
 32387 | Depths:1 | Bought a potion of heal wounds for 70 gold pieces
 32387 | Depths:1 | Bought a scroll of enchant armour for 105 gold pieces
 32493 | Depths:1 | Bought a +2 cloak of preservation for 301 gold pieces
 32646 | Depths:1 | Found a gateway to Hell.
 32763 | Depths:1 | Found a shimmering blue altar of Sif Muna.
 32954 | Depths:1 | Found a glowing silver altar of Zin.
 33061 | Depths:2 | Reached skill level 5 in Translocations
 33116 | Depths:2 | Found a one-way gate leading to the halls of Pandemonium.
 33127 | Depths:2 | Received a gift from Okawaru
 33131 | Depths:2 | Reached XP level 20. HP: 212/212 MP: 26/26
 33283 | Depths:2 | Found an iron altar of Okawaru.
 33368 | Depths:2 | Identified the +0 pair of boots "Vaipiob" {Int+5}
 33419 | Depths:2 | Found Qeurad's Distillery.
 33432 | Depths:2 | Bought a potion of heal wounds for 120 gold pieces
 33545 | Depths:2 | Identified the +0 pair of boots "Otsarorr" {rElec Str+4}
                  | (Okawaru gifted it to you on level 2 of the Depths)
 33545 | Depths:2 | Received a gift from Okawaru
 33610 | Depths:2 | Found a shimmering blue altar of Sif Muna.
 33629 | Depths:2 | Noticed an ancient lich
 33631 | Depths:2 | Noticed a dread lich
 33645 | Arena    | Entered the Arena
 33646 | Arena    | Paralysed by a dread lich for 4 turns
 33663 | Arena    | Killed a dread lich
 33664 | Arena    | Reached skill level 15 in Maces & Flails
 33692 | Depths:2 | Killed an ancient lich
 33701 | Depths:2 | Got Enaaban's Codex of Beguiling
 33712 | Depths:2 | Got the Treatise on Teratogeny and the Blizzard
 33785 | Depths:2 | Identified the +3 quarterstaff of Starshine {freeze, rElec
                  | rN+ rCorr}
 33822 | Depths:2 | Identified the +13 crystal plate armour "Heemig" {Contam
                  | rElec rF+ Slay+2}
 34092 | Depths:2 | Got Sif Muna's Guidebook on the Maleficium
 34136 | Depths:2 | Got the Octavo of Charnel Bringing Forth
 35037 | Depths:3 | Found a one-way gate to the infinite horrors of the Abyss.
 35078 | Depths:3 | Reached skill level 17 in Armour
 35204 | Depths:3 | Received a gift from Okawaru
 35382 | Depths:4 | Entered Level 4 of the Depths
 35393 | Depths:4 | Reached skill level 1 in Long Blades
 35541 | Depths:4 | Found a glowing silver altar of Zin.
 35578 | Depths:4 | Found a one-way gateway to a ziggurat.
 35628 | Depths:4 | Reached XP level 21. HP: 207/221 MP: 27/27
 36270 | Vaults:1 | Entered Level 1 of the Vaults
 36327 | Vaults:1 | Reached skill level 10 in Translocations
 36429 | Vaults:1 | Found Mooborch's Assorted Antiques.
 36451 | Vaults:1 | Received a gift from Okawaru
 36465 | Vaults:1 | Reached skill level 18 in Armour
 36605 | Vaults:1 | Received a gift from Okawaru
 36667 | Vaults:1 | Reached skill level 5 in Long Blades
 36682 | Vaults:1 | Found a transporter.
 36682 | Vaults:1 | Noticed ciphuk's ghost (adept TrMo)
 36704 | Vaults:1 | Found a transporter.
 36838 | Vaults:1 | Killed ciphuk's ghost
 36854 | Vaults:1 | Got the Directory of Puissant Transportation
 37019 | Vaults:1 | Reached skill level 19 in Armour
 37504 | Vaults:2 | Noticed Saint Roka
 37528 | Vaults:2 | Killed Saint Roka
 37649 | Vaults:2 | Noticed Sojobo
 37681 | Vaults:2 | Killed Sojobo
 38102 | Vaults:2 | Noticed Mennas
 38173 | Vaults:2 | Killed Mennas
 38235 | Vaults:2 | Noticed Bai Suzhen
 38241 | Vaults:2 | Killed Bai Suzhen
 38241 | Vaults:2 | Identified the +0 hat of the Amorous God {Fly rPois rN+}
                  | (Okawaru gifted it to you on level 2 of the Vaults)
 38241 | Vaults:2 | Received a gift from Okawaru
 38242 | Vaults:2 | Reached skill level 20 in Armour
 38294 | Vaults:2 | Reached skill level 10 in Long Blades
 38699 | Vaults:3 | Reached XP level 22. HP: 217/229 MP: 28/28
 38779 | Vaults:3 | Reached skill level 21 in Armour
 38887 | Vaults:3 | Found a staircase to the Crypt.
 38887 | Vaults:3 | Found a basalt altar of Yredelemnul.
 38887 | Vaults:3 | Found an ancient bone altar of Kikubaaqudgha.
 39288 | Vaults:3 | Noticed Margery
 39300 | Vaults:3 | Killed Margery
 39401 | Vaults:3 | Identified the +6 morningstar "Syakaje" {drain, Str+5
                  | Int+2}
 39626 | Vaults:3 | Reached skill level 22 in Armour
 39893 | Vaults:4 | Received a gift from Okawaru
 40387 | Vaults:4 | Found a magical portal.
 40398 | WizLab   | Entered Cigotuvi's Fleshworks
 40563 | Vaults:4 | Noticed Donald
 40563 | Vaults:4 | Identified the +10 hand crossbow "Concordance" {drain,
                  | *Corrode rC+ Str+9 Dex-3} (Okawaru gifted it to you on
                  | level 4 of the Vaults)
 40563 | Vaults:4 | Received a gift from Okawaru
 40572 | Vaults:4 | Killed Donald
 40577 | Vaults:4 | Reached skill level 23 in Armour
 40750 | Vaults:4 | Found Suklut's Armour Emporium.
 40794 | Vaults:4 | Found Votenuwn's Weapon Shoppe.
 40808 | Vaults:4 | Identified the +6 arbalest "Menidan" {flame, rCorr}
 40973 | Vaults:5 | Entered Level 5 of the Vaults
 40975 | Vaults:5 | Noticed a golden dragon
 41011 | Vaults:5 | Killed a golden dragon
 41024 | Vaults:5 | Reached XP level 23. HP: 183/236 MP: 25/29
 41083 | Vaults:5 | Reached skill level 24 in Armour
 41139 | Vaults:5 | Received a gift from Okawaru
 41198 | Vaults:5 | Noticed a dread lich
 41230 | Vaults:5 | Paralysed by something for 5 turns
 41234 | Vaults:5 | HP: 11/236 [balrug/+2 demon whip of venom[a dread lich]
                  | (3)]
 41235 | Vaults:5 | Slain by a reaper

Illustrated notes

Levels and vault maps discovered:
D:1:      pf_arrival_petrified_forest, layout_loops_ring,
          hellmonk_ecumenical_altar_zigzags, grunt_decor_arrowhead,
          chequers_serial_rivers_micro_e, solitary_fountain,
          grunt_decor_resistance
D:2:      layout_basic
D:3:      layout_loops_cross, grunt_decor_clamped, uniq_robin, uniq_grinder
D:4:      layout_loops_cross, minmay_temple_entry_statues_pillars, serial_shops,
          shop, uniq_eustachio, uniq_natasha
D:5:      layout_basic, mainiacjoe_overflow_paths, uniq_ijyb, uniq_edmund
D:6:      layout_rooms, mainiacjoe_overflow_brackets, kennysheep_mini_moat,
          amethyst_overflow_temple_binary
D:7:      layout_loops_ring, beargit_hepliaklqana_dungeon_heroes, uniq_duvessa,
          uniq_prince_ribbit1
D:8:      layout_gridville, mainiacjoe_overflow_six_doors_small,
          nicolae_qazlal_style_of_elements
D:9:      nicolae_cairo_tiling, layout_basic, orc_0_dummy
D:10:     layout_basic
D:11:     layout_roguey, erik_lair_island, ebering_ghost_inner_flame,
          kennysheep_generic_room_12
D:12:     regret_index_tunnel_blossom, layout_basic, serial_co_window_serial,
          co_window_paths_b, co_window_corner_a, co_window_corner_a,
          co_window_of_opportunity_a, co_window_paths_a,
          co_window_unsneaky_path_e, co_window_corner_b, co_window_corner_cb,
          glass_columns_a, glass_columns_b, glass_columns_c, glass_columns_a
D:13:     layout_grid_maze, serial_shops, nicolae_shop_tiny_statue_garden,
          small_statue_intersection
D:14:     dreamdust_cave_troll, layout_loops_ring,
          lightli_vaults_fourway_checkpoint, chequers_serial_rivers_micro_c
D:15:     grunt_enter_depths_magical_seal, layout_small_grid,
          minmay_misc_feat_iff, gammafunk_ghost_wrathful_warriors,
          minmay_tree_intersection, uniq_kirke
Temple:   nicolae_temple_two_arcs
Lair:1:   layout_cave_shapes, serial_bayou_shore_a, lemuel_fruit_tree
Lair:2:   layout_cave_pods, gammafunk_ghost_hive, nicolae_quartered_pool_medium,
          grunt_megastairs_5
Lair:3:   layout_chaotic_city, swamp_mist, nicolae_snake_entry_warm_welcome,
          basic_altar, gauntlet_entry_generic, nicolae_lair_lindhole
Swamp:1:  layout_falls_marsh, evilmike_swamp_ruin_rubble_2, swamp_pool3,
          infiniplex_staircase_pool
Swamp:2:  nicolae_swamp_secret_spriggan_hideout, layout_falls_marsh,
          evilmike_swamp_ruin_house_4
Swamp:3:  layout_falls_marsh, evilmike_swamp_ruin_house_5
Swamp:4:  swamp_basic_johnstein, layout_basic_swamp
Snake:1:  cheibrodos_forgotten_conduit, layout_rooms, uniq_aizul, uniq_roxanne
Snake:2:  layout_gridlike, grunt_ministairs_4, grunt_megastairs_3,
          serial_bayou_shore_b
Snake:3:  layout_rooms, gammafunk_ghost_berserking_beasts, basic_altar,
          nicolae_wooded_promenade
Snake:4:  grunt_snake_rune_spirals, layout_concentric_octagons,
          grunt_ministairs_14, nicolae_snake_salamander_zone, uniq_agnes,
          uniq_louise, uniq_vashnia
Orc:1:    lemuel_ogre_cave, layout_caves, portal_ice_cave_entry_imps
Orc:2:    grunt_orc_community_town_hall, layout_diamond_mine,
          grunt_orc_community_big_house_1, grunt_orc_community_big_house_2,
          grunt_orc_community_house_1, grunt_orc_community_house_2,
          grunt_orc_community_house_3, grunt_orc_community_house_3,
          grunt_orc_community_house_1, hellmonk_bongcloud_opening
Elf:1:    nicolae_elf_arrival_no_cutting_in_line, layout_loops_corners,
          hangedman_elf_represent, minmay_shop_grove
Elf:2:    nicolae_elf_blades_crystal_corner, layout_onion_city,
          kilobyte_mutagenic_chamber, uniq_azrael
Elf:3:    minmay_elf_hall_statues, layout_geoelf_octagon
Vaults:1: gammafunk_ghost_arena, vaults_dpeg_doors,
          nicolae_vaults_double_plus_3, nicolae_vaults_storage_room_statues,
          nicolae_vaults_inception_scallops, vaults_dpeg_encased_lava, v_misc_1,
          vaults_dpeg_emergency_exit, vaults_mumra_hex, vaults_room_fancy_cross,
          nicolae_vaults_sealed_display, vaults_room_grid, layout_vaults_maze,
          serial_glass, serial_shops, shop
Vaults:2: grunt_vaults_diagonal, v_misc_23,
          nicolae_vaults_shipping_containers_7, hangedman_vaults_nails,
          nicolae_vaults_shelves_hall, nicolae_vaults_storage_closets_1,
          hangedman_vaults_slice, vaults_dpeg_ring, layout_vaults_omnigrid,
          uniq_sojobo, uniq_saint_roka, uniq_mennas, uniq_bai_suzhen
Vaults:3: v_pattern_1, nicolae_vaults_spaceships, vaults_dpeg_spiral,
          minmay_crypt_entry_necro_gods, nicolae_vaults_alarming,
          nicolae_vaults_c_with_doors, nicolae_vaults_heart-shaped_vault,
          dpeg_vaults_monster_row, nicolae_vaults_closet_pinwheel_4,
          vaults_room_door_ring, layout_vaults_big_room, uniq_margery
Vaults:4: mu_enter_wizlab_6, nicolae_vaults_tetromino_T_2,
          nicolae_vaults_heart-shaped_vault, vaults_mumra_lcd, v_rooms_4,
          nicolae_vaults_security_offices_6, vaults_standard_mumra_lines,
          nicolae_vaults_theta, nicolae_vaults_yaktaur_gun_rack,
          ontoclasm_vaults_pinch, ontoclasm_vaults_decontamination,
          nicolae_vaults_taking_the_gang_shopping, ontoclasm_vaults_fault,
          nicolae_vaults_sesquioval_fish, layout_vaults_ring, serial_shops,
          shop, uniq_donald
Vaults:5: serial_shops
Depths:1: layout_big_octagon, pf_vacation_house_of_asmodeus,
          lemuel_statue_altar, roderic_three_in_a_row, lemuel_blue_sif_altar,
          grunt_megastairs_2, minmay_shoptagon, infiniplex_staircase_pool_lava
Depths:2: evilmike_library_of_no_secrets, layout_cave_pools,
          hangedman_tar_grid_catacomb, rand_demon_pan_entry_1, serial_shops,
          shop, lemuel_tele_altar
Depths:3: minmay_isolated_rectangles_in_corner, layout_long_grid,
          abyss_entry_crystal, serial_bayou_pond_e, grunt_pan_entry_zigzag,
          pf_coc_iceberg
Depths:4: evilmike_zot_entry_gauntlet, layout_honeycomb, enter_ziggurat_e,
          hell_entry, pan_entry, abyss_entry, zin_academy

Skill      XL: |  1  2  3  4  5  6  7  8  9 10 11 12 13 14 15 16 17 18 19 20 21 22 23 |
---------------+----------------------------------------------------------------------+-----
Armour         | 4 5 6 7 8 9 10 12 13 15 16 17 20 23 24 | 24.2
Fighting       | 4 5 6 7 8 9 12 14 15 16 19 20 | 20.0
Shields        | 4 5 6 7 8 9 11 12 13 15 16 18 20 | 20.0
Axes           | 3 4 11 | 11.1
Maces & Flails | 2 4 7 11 13 14 15 | 15.6
Dodging        | 4 9 10 11 12 13 14 16 | 16.0
Evocations     | 6 8 9 10 | 10.0
Invocations    | 8 9 10 | 10.0
Stealth        | 4 8 |  8.0
Unarmed Combat | 4 6 |  6.0
Translocations | 2 5 9 10 | 10.0
Spellcasting   | 1 4 |  4.0
Long Blades    | 2 10 | 10.0

Action                     |  1- 3 |  4- 6 |  7- 9 | 10-12 | 13-15 | 16-18 | 19-21 | 22-24 || total
---------------------------+-------+-------+-------+-------+-------+-------+-------+-------++-------
  Melee: War axe           |    55 |    61 |       |       |       |       |       |       ||   116
         Headbutt          |     6 |    18 |    32 |   137 |   256 |   327 |   414 |   207 ||  1397
         Mace              |       |    27 |   178 |   622 |   791 |     5 |       |       ||  1623
         Eveningstar       |       |       |       |       |   384 |  1030 |  1477 |   604 ||  3495
         Battleaxe         |       |       |       |       |       |   229 |       |       ||   229
 Invoke: Heroism           |       |       |       |     5 |     8 |    15 |     9 |     6 ||    43
         Finesse           |       |       |       |       |     2 |     5 |     6 |     2 ||    15
         Duel              |       |       |       |       |       |     2 |     1 |       ||     3
    Use: Scroll            |       |       |     5 |    10 |    14 |     7 |     7 |     1 ||    44
         Potion            |       |       |       |     1 |     8 |     7 |     4 |     1 ||    21
   Stab: Sleeping          |       |     1 |     2 |     2 |     2 |    17 |     1 |       ||    25
         Distracted        |       |       |       |       |     1 |     3 |     2 |       ||     6
         Invisible         |       |       |       |       |       |     8 |       |       ||     8
         Confused          |       |       |       |       |       |     1 |       |       ||     1
 Armour: Scale mail        |    21 |     7 |       |       |       |       |       |       ||    28
         Leather armour    |       |    20 |    12 |       |       |       |       |       ||    32
         Steam dragon scal |       |       |    18 |    93 |    28 |       |       |       ||   139
         Chain mail        |       |       |       |       |   173 |   324 |   138 |       ||   635
         Crystal plate arm |       |       |       |       |       |       |   305 |   261 ||   566
  Dodge: Dodged            |    21 |    35 |    35 |   261 |   516 |   898 |   642 |   339 ||  2747
         Repelled          |       |       |       |       |    11 |    49 |    19 |     5 ||    84
  Block: Buckler           |     6 |    10 |    40 |   200 |   392 |   168 |       |       ||   816
         Reflection        |       |       |     2 |     7 |    23 |    23 |       |       ||    55
         Tower shield      |       |       |       |       |       |   739 |  1645 |   827 ||  3211
